 Dungeon Crawl Stone Soup version 0.28.0-53-g5a82cb258f (webtiles) character file.

Game seed: 17482539495256741096

7 Descartes the Scratcher (level 1, 0/9 HPs)
             Began as a Felid Transmuter on June 25, 2022.
             Frozen to death by an endoplasm (2 damage)
             ... on level 1 of the Dungeon.
             The game lasted 00:00:36 (396 turns).

Descartes the Scratcher (Felid Transmuter)           Turns: 396, Time: 00:00:37

Health: 0/9        AC:  1    Str:  6    XL:     1   Next: 91%
Magic:  3/4        EV: 17    Int: 14    God:
Gold:   10         SH:  0    Dex: 16    Spells: 3/4 levels left
                                        Lives:  0   Deaths: 0

rFire   . . .      SeeInvis +     - Unarmed
rCold   . . .      Faith    .   (shield unavailable)
rNeg    . . .      Spirit   .   (armour unavailable)
rPois   .          Reflect  .   (helmet unavailable)
rElec   .          Harm     .   (cloak unavailable)
rCorr   .          Rampage  .   (gloves unavailable)
Will    .....                   (boots unavailable)
Stlth   ++........              (no amulet)
HPRegen 0.03/turn               (no ring)
MPRegen 0.09/turn               (no ring)

@: appendages (expiring), quick
A: horns 2, very small, claws 1, fangs 3, see invisible, speed 1, shaggy fur 1,
stealthy paws, no weapons or thrown items, no armour, multi-lived
a: End Transformation


You were on level 1 of the Dungeon.
You had temporarily grown beastly horns.
You visited 1 branch of the dungeon, and saw 1 of its levels.

You collected 10 gold pieces.

You aren't carrying anything.


   Skills:
 + Level 1.1 Fighting
 * Level 2.9 Dodging
 * Level 1.0 Stealth
 * Level 3.1 Unarmed Combat
 + Level 2.0 Spellcasting
 + Level 2.3 Transmutations


You had 3 spell levels left.
You knew the following spells:

 Your Spells              Type           Power      Damage    Failure   Level
a - Beastly Appendage     Tmut           14%        N/A       10%         1

Your spell library contained the following spells:

 Spells                   Type           Power      Damage    Failure   Level
 Wereblood                Tmut           7%         N/A       14%         2
 Spider Form              Tmut/Pois      4%         N/A       41%         3
 Ice Form                 Ice/Tmut       4%         N/A       83%         4


Dungeon Overview and Level Annotations

Branches:
Dungeon (1/15)

Altars:


Innate Abilities, Weirdness & Mutations

You have temporarily grown beastly horns.
You have sharp claws.
You have razor-sharp teeth.
You have supernaturally acute eyesight. (SInv)
You cover ground quickly. (Speed+)
You are covered in fur. (AC +1)
Your paws help you pounce on unaware monsters.
You are incapable of wielding weapons or throwing items.
You cannot wear armour.
You gain extra lives every three experience levels.


Message History

No target in view!
No target in view!
No target in view!
No target in view!
Your magical contamination has completely faded away.
Your transformation is almost over.
Your horns disappear.
You open the door.
There is an open door here.
A kobold comes into view. It is wielding a +0 short sword.
Casting: Beastly Appendage (safe; 10% risk of failure)
Confirm with . or Enter, or press ? or * to list all spells.
You grow a pair of large bovine horns.
The kobold shouts!
You hear an angry hiss.
The kobold throws a stone.
The stone closely misses you.
The kobold throws a stone.
The stone closely misses you.
A ball python comes into view.
The ball python hisses angrily.
An endoplasm comes into view.
Found a scroll labelled APNOOMEAST.
The endoplasm quivers.
You scratch the kobold.
You kill the kobold!
Things that are here:
a +0 short sword; a stone; a kobold corpse You barely miss the ball python.
The ball python bites you. The ball python misses you.
You barely miss the ball python. You headbutt the ball python.
You bite the ball python.
You kill the ball python!
The endoplasm freezes you.
You are frozen.
Ouch! That really hurt!
* * * LOW HITPOINT WARNING * * *
Your Stealth skill increases to level 1!
You scratch the endoplasm but do no damage.
Your transformation is almost over.
The endoplasm freezes you.
You are frozen.
You die...

###### #....#
#....###############
+....'...#..........
#####....###.#..........
...........#.#..........
........†...............
#####.########..@†....?.
#.# #...J...... #.#
#.......... #.#
#..........
##)########..........
#.........#..........
#.........###########
#.........#
#......†..###############


You could see an endoplasm.

Vanquished Creatures
  A hobgoblin (D:1)
  2 kobolds (D:1)
  2 ball pythons (D:1)
  A bat (D:1)
  A rat (D:1)
7 creatures vanquished.

Notes
Turn   | Place    | Note
-------+----------+-------------------------------------------
     0 | D:1      | Descartes the Felid Transmuter began the quest for the Orb.
     0 | D:1      | Reached XP level 1. HP: 9/9 MP: 4/4
   396 | D:1      | Reached skill level 1 in Stealth
   396 | D:1      | Frozen to death by an endoplasm

Illustrated notes

Levels and vault maps discovered:
D:1:      evilmike_arrival_crescent, layout_basic, basic_ecumenical_altar,
          minmay_statues_item

Skill      XL: |  1 |
---------------+----+-----
Stealth        | 1 |  1.0
Fighting       | |  1.1
Dodging        | |  2.9
Unarmed Combat | |  3.1
Spellcasting   | |  2.0
Transmutations | |  2.3

Action                   || total
-------------------------++-------
Melee: Unarmed           ||    13
       Headbutt          ||     4
       Bite              ||     1
 Cast: Beastly Appendage ||     5
Armor: Skin              ||     1
Dodge: Dodged            ||     9
